 Dungeon Crawl Stone Soup version 0.26-a0-800-g517d6fe721 (webtiles) character file.

Game seed: 7314272462872896780

1650 iamoutofideas the Grappler (level 8, 0/70 HPs)
             Began as a Troll Hunter on Nov 11, 2020.
             Was a Follower of Okawaru.
             Slain by a killer bee (5 damage)
             ... on level 7 of the Dungeon.
             The game lasted 00:06:25 (4489 turns).

iamoutofideas the Grappler (Troll Hunter)           Turns: 4489, Time: 00:06:25

Health: 0/70       AC:  7    Str: 23    XL:     8   Next: 67%
Magic:  7/7        EV: 10    Int:  5    God:    Okawaru [*.....]
Gold:   225        SH:  0    Dex: 12    Spells: 7/7 levels left

rFire    . . .     SeeInvis .     - Unarmed
rCold    + + .     Faith    .   (no shield)
rNeg     . . .     Spirit   .   b - +0 robe
rPois    +         Reflect  .   (helmet restricted)
rElec    +         Harm     .   q - +0 cloak
rCorr    +         Rampage  .   (gloves unavailable)
MR       .....                  (boots unavailable)
Stlth    ++........             (no amulet)
HPRegen  0.61/turn              e - ring of ice
MPRegen  0.10/turn              (no ring)

@: resistant
A: large, unfitting armour, claws 3, hooves 1, thin skeletal structure 1, dopey
1, regeneration 1, shaggy fur 1, tough skin 3
a: Heroism, Renounce Religion


You were on level 7 of the Dungeon.
You worshipped Okawaru.
Okawaru was aware of your devotion.
You visited 2 branches of the dungeon, and saw 7 of its levels.

You collected 225 gold pieces.

Inventory:

Missiles
 c - 5 large rocks
 d - 2 throwing nets
 k - 8 datura-tipped darts
 r - 35 sling bullets (quivered)
Armour
 b - a +0 robe (worn)
 q - a +0 cloak (worn)
Jewellery
 e - a ring of ice (left claw)
Scrolls
 f - 2 scrolls of identify
 h - 5 scrolls of amnesia
 j - a scroll of fog {unknown}
 l - 2 scrolls of remove curse
 m - a scroll of noise
 o - a scroll of magic mapping
 u - 4 scrolls of enchant weapon
 x - a scroll of enchant armour {unknown}
 y - a scroll of teleportation {unknown}
Potions
 a - 2 potions of attraction
 i - a potion of flight
 n - 2 potions of lignification
 s - a potion of haste {unknown}
 t - a potion of brilliance {unknown}
 v - a potion of curing


   Skills:
 - Level 1.5 Fighting
 - Level 3.6 Throwing
 - Level 1.5 Dodging
 - Level 0.3 Stealth
 + Level 10.9 Unarmed Combat


You had 7 spell levels left.
You didn't know any spells.
Your spell library was empty.

Dungeon Overview and Level Annotations

Branches:
Dungeon (5/15)             Temple (1/1) D:4

Altars:
Ashenzari
Dithmenos
Elyvilon
Fedhas
Kikubaaqudgha
Makhleb
Okawaru
Qazlal
Ru
Sif Muna
Trog
Uskayaw
Wu Jian
Xom
Yredelemnul
The Shining One

Annotations:
D:5 1 transporter


Innate Abilities, Weirdness & Mutations

You are too large for most types of armour.
You have claws for hands.
Your natural rate of healing is unusually fast.
You are covered in fur. (AC +1)
You have extremely tough skin. (AC +3)
You have large cloven feet.
You have a somewhat thin skeletal structure. (Dex +2, Stealth)
You are dopey. (Int -2)


Message History

The killer bee stings you!
* * * LOW HITPOINT WARNING * * *
The killer bee closely misses you. The killer bee barely misses you.
The killer bee closely misses you.
Unknown command.
It was a potion of curing.
You feel better.
You feel less invigorated. The killer bee barely misses you.
The killer bee completely misses you. The killer bee barely misses you.
The killer bee misses you. The killer bee barely misses you.
The killer bee stings you but does no damage.
It was a potion of mutation.
You feel extremely strange.
You feel stupid.
Your bones become slightly less dense.
Your feet thicken and deform.
The killer bee stings you.
* * * LOW HITPOINT WARNING * * *
The killer bee stings you but does no damage.
The killer bee stings you.
* * * LOW HITPOINT WARNING * * *
The killer bee barely misses you. x2; The killer bee stings you.
You die...

#########
#@yy.....
#yy......
#l.......
#........
#........
#########


You could see 4 killer bees and a leopard gecko.

Vanquished Creatures
  Grinder (D:3)
  Edmund (D:5)
  2 sky beasts (D:5)
  A phantom (D:4)
  2 ogres
  A centaur (D:5)
  A bullfrog (D:5)
  A crimson imp (D:4)
  2 hounds
  2 jellies (D:4)
  Crazy Yiuf (D:3)
  3 orc wizards (D:4)
  An orc priest (D:5)
  A centaur skeleton (D:5)
  Jessica (D:3)
  Terence (D:3)
  9 worker ants
  Robin (D:2)
  5 adders
  A white imp (D:5)
  An adder skeleton (D:4)
  A worm (D:2)
  3 dart slugs
  5 leopard geckos
  An orc (D:4)
  9 giant cockroaches
  11 goblins
  2 hobgoblins (D:1)
  An iguana (D:4)
  3 jackals (D:1)
  4 quokkas
  A ball python (D:4)
  13 bats
  4 frilled lizards
  A goblin skeleton (D:4)
  A goblin zombie (D:4)
  6 hobgoblin zombies (D:4)
  14 kobolds
  A kobold skeleton (D:4)
  An orc skeleton (D:4)
  11 rats
132 creatures vanquished.

Notes
Turn   | Place    | Note
-------+----------+-------------------------------------------
     0 | D:1      | iamoutofideas the Troll Hunter began the quest for the Orb.
     0 | D:1      | Reached XP level 1. HP: 19/19 MP: 0/0
    91 | D:1      | Reached skill level 1 in Unarmed Combat
   161 | D:1      | Reached XP level 2. HP: 27/27 MP: 1/1
   257 | D:1      | Reached skill level 2 in Unarmed Combat
   487 | D:1      | Reached XP level 3. HP: 33/33 MP: 2/2
   523 | D:1      | You fall into a shaft and drop 1 floor!
   539 | D:2      | Reached skill level 3 in Unarmed Combat
   573 | D:2      | Reached XP level 4. HP: 32/41 MP: 3/3
  1000 | D:2      | Reached skill level 4 in Unarmed Combat
  1242 | D:2      | Noticed Robin
  1258 | D:2      | Killed Robin
  1686 | D:3      | Reached XP level 5. HP: 42/48 MP: 4/4
  1744 | D:3      | Noticed Terence
  1755 | D:3      | Killed Terence
  1755 | D:3      | Reached skill level 5 in Unarmed Combat
  1852 | D:3      | Noticed Grinder
  1862 | D:3      | Paralysed by Grinder for 5 turns
  1912 | D:3      | Paralysed by Grinder for 5 turns
  1924 | D:3      | Killed Grinder
  1924 | D:3      | Reached skill level 6 in Unarmed Combat
  1924 | D:3      | Reached XP level 6. HP: 55/55 MP: 5/5
  2278 | D:3      | Noticed Jessica
  2283 | D:3      | Killed Jessica
  2505 | D:3      | Found a runed translucent door.
  2506 | D:3      | Noticed Crazy Yiuf
  2515 | D:3      | Killed Crazy Yiuf
  2515 | D:3      | Reached skill level 7 in Unarmed Combat
  2792 | D:4      | Found a shimmering altar of Xom.
  2810 | D:4      | Reached XP level 7. HP: 57/62 MP: 6/6
  2848 | D:4      | Reached skill level 8 in Unarmed Combat
  2998 | D:4      | Found a glowing golden altar of the Shining One.
  3060 | D:4      | Found a blossoming altar of Fedhas.
  3130 | D:4      | Found a staircase to the Ecumenical Temple.
  3345 | Temple   | Entered the Ecumenical Temple
  3705 | Temple   | Became a worshipper of Warmaster Okawaru
  3772 | D:5      | Entered Level 5 of the Dungeon
  3816 | D:4      | Reached skill level 9 in Unarmed Combat
  3884 | D:4      | Reached XP level 8. HP: 36/70 MP: 7/7
  4213 | D:5      | Reached skill level 10 in Unarmed Combat
  4258 | D:5      | Reached * piety under Okawaru
  4403 | D:5      | Found a transporter.
  4403 | D:5      | Noticed Edmund
  4419 | D:5      | Killed Edmund
  4422 | D:5      | Found a hide-covered altar of Uskayaw.
  4476 | D:5      | You fall into a shaft and drop 2 floors!
  4489 | D:7      | Gained mutation: You are dopey. (Int -2) [potion of
                  | mutation]
  4489 | D:7      | Gained mutation: You have a somewhat thin skeletal
                  | structure. (Dex +2, Stealth) [potion of mutation]
  4489 | D:7      | Gained mutation: You have large cloven feet. [potion of
                  | mutation]
  4489 | D:7      | Slain by a killer bee

Illustrated notes

Levels and vault maps discovered:
D:1:      dpeg_arrival_lava_altar, layout_rooms, kennysheep_another_room
D:2:      layout_basic, nrook_uturn, minmay_tetromino_i2, uniq_robin
D:3:      minmay_spotlight, layout_loops_ring, uniq_terence, uniq_jessica,
          uniq_crazy_yiuf_cottage, uniq_grinder
D:4:      layout_loops_ring, kennysheep_little_box,
          nicolae_tso_besieged_by_evil, lemuel_temple_firewalk_b,
          dk_xom_monty_hall
D:5:      gammafunk_cloud_chamber, layout_basic, nicolae_overflow_crystal_walls,
          uniq_edmund
D:7:      layout_gridville, kennysheep_generic_room_9
Temple:   hc_temple_tempest_star

Skill      XL: |  1  2  3  4  5  6  7  8 |
---------------+-------------------------+-----
Unarmed Combat | 1 2 3 4 6 7 9 10 | 10.9
Fighting       | |  1.5
Throwing       | |  3.6
Dodging        | |  1.5
Stealth        | |  0.3

Action                   |  1- 3 |  4- 6 |  7- 9 || total
-------------------------+-------+-------+-------++-------
Melee: Unarmed           |    72 |   176 |   154 ||   402
       Punch             |       |     2 |     2 ||     4
Throw: Large rock        |       |     5 |       ||     5
       Throwing net      |       |     2 |       ||     2
  Use: Scroll            |       |     9 |     1 ||    10
       Potion            |       |       |     4 ||     4
 Stab: Sleeping          |     1 |       |       ||     1
Armor: Robe              |    35 |    63 |    63 ||   161
       Skin              |       |     1 |       ||     1
Dodge: Dodged            |    45 |    81 |    82 ||   208

Table legend: (Time is in decaauts)
 A = Elapsed time spent in this place.
 B = Non-inter-level travel time spent in this place.
 C = Inter-level travel time spent in this place.
 D = Time resting spent in this place.
 E = Time spent auto-exploring this place.
 F = Levels seen in this place.
 G = Mean time per level.
                   A        B        C        D        E       F      G
               +--------+--------+--------+--------+--------+-----+--------+
         Total |   4450 |   4271 |    179 |    250 |   3141 |   7 |  635.7 |
       Dungeon |   4070 |   3960 |    110 |    250 |   2831 |   6 |  678.3 |
        Temple |    380 |    311 |     69 |      0 |    310 |   1 |  380.0 |
               +--------+--------+--------+--------+--------+-----+--------+

Top non-repeatable levels by time:
     D:3: 1059 daAuts
     D:4: 1018 daAuts
     D:2: 1015 daAuts
     D:1: 521 daAuts
     D:5: 443 daAuts
  Temple: 380 daAuts
     D:7: 11 daAuts
